 Dungeon Crawl Stone Soup version 0.18.1-48-g4cf74bf (webtiles) character file.

54 HonkKing the Covered (level 3, 0/33 HPs)
             Began as a Minotaur Fighter on Aug 23, 2016.
             Slain by a gnoll
             ... wielding a +0 spear
              (6 damage)
             ... on level 2 of the Dungeon.
             The game lasted 00:08:01 (678 turns).

HonkKing the Covered (Minotaur Fighter)              Turns: 678, Time: 00:08:02

Health: 0/33       AC:  8    Str: 21    XL:     3   Next: 66%
Magic:  2/2        EV:  9    Int:  5    God:
Gold:   131        SH:  0    Dex:  9    Spells: 0 memorised, 2 levels left

rFire  . . .     SeeInvis .     a - +0 long sword
rCold  . . .     Gourm    .     b - +0 scale mail
rNeg   . . .     Faith    .     (no shield)
rPois  .         Spirit   .     (helmet restricted)
rElec  .         Dismiss  .     (no cloak)
rCorr  .         Reflect  .     m - +0 pair of gloves
SustAt .         Harm     .     (no boots)
MR     .....                    (no amulet)
Stlth  ..........               (no ring)
                                (no ring)

@: not resistant to hostile enchantments, extremely unstealthy
A: retaliatory headbutt, horns 2
a: no special abilities


You were on level 2 of the Dungeon.
You were not hungry.

You visited 1 branch of the dungeon, and saw 2 of its levels.

You collected 131 gold pieces.

Inventory:

Hand Weapons
 a - a +0 long sword (weapon)
 l - a +2 short sword of distortion
Armour
 b - a +0 scale mail (worn)
 c - a +0 shield
 m - a +0 pair of gloves (worn)
 n - a +0 shield
Scrolls
 k - a scroll of teleportation
Potions
 d - a potion of might
 e - a potion of flight {unknown}
 j - a potion of mutation {unknown}
 o - a potion of curing
 p - a potion of agility {unknown}
 r - a potion of heal wounds {unknown}
Comestibles
 f - a bread ration
 g - a slice of pizza
 h - 5 chunks of flesh
 i - 2 fruits


   Skills:
 + Level 4.1 Fighting
 * Level 3.3 Long Blades
 + Level 4.3 Armour
 + Level 0.4 Dodging
 - Level 3.9 Shields


You had 2 spell levels left.
You didn't know any spells.

Dungeon Overview and Level Annotations

Branches:
Dungeon (2/15)

Altars:
The Shining One


Innate Abilities, Weirdness & Mutations

You reflexively headbutt those who attack you in melee.
You have a pair of horns on your head.


Message History

The gnoll is severely wounded.
The gnoll hits you with a whip. The gnoll hits you but does no damage.
You closely miss the gnoll. Your headbutt misses the gnoll.
The gnoll is severely wounded.
The gnoll closely misses you.
The gnoll hits you from afar with a spear.
The gnoll hits you but does no damage. x2
Some of the chunks of flesh in your inventory have rotted away.
You hit the gnoll but do no damage.
The gnoll is severely wounded.
The gnoll barely misses you. The gnoll completely misses you.
The gnoll hits you with a whip.
* * * LOW HITPOINT WARNING * * *
You barely miss the gnoll.
The gnoll is severely wounded.
The gnoll hits you but does no damage. The gnoll closely misses you. x2
You hit the gnoll but do no damage. You headbutt the gnoll.
You kill the gnoll!
The gnoll hits you from afar with a spear.
You die...

######### ......... #
#...... #.
#######......
#.########...)##..(...
>....................
#g######.##.........
#[)@..##.##.##......
#####....##.........
#..#.##.###.####
#..###### #.# # #...
#.. + #.##. #### # #..
.# ### #


You could see a gnoll.

Vanquished Creatures
  A gnoll (D:2)
  An ooze (D:1)
  A worm (D:2)
  3 dart slugs
  A giant gecko (D:2)
  3 giant cockroaches
  3 goblins (D:1)
  2 hobgoblins (D:1)
  4 jackals (D:1)
  A ball python (D:2)
  4 bats
  2 giant newts (D:2)
  3 kobolds
  A rat (D:1)
30 creatures vanquished.

Notes
Turn   | Place    | Note
--------------------------------------------------------------
     0 | D:1      | HonkKing the Minotaur Fighter began the quest for the Orb.
     0 | D:1      | Reached XP level 1. HP: 19/19 MP: 0/0
    69 | D:1      | Reached XP level 2. HP: 20/27 MP: 1/1
   362 | D:1      | Reached XP level 3. HP: 33/33 MP: 2/2
   453 | D:2      | Found a glowing golden altar of the Shining One.
   678 | D:2      | Slain by a gnoll

Skill      XL: |  1  2  3 |
---------------+----------+-----
Fighting       | 4 |  4.1
Armour         | 4 |  4.3
Long Blades    | 3 |  3.3
Dodging        | |  0.4
Shields        | |  3.9

Action                   || total
-------------------------++-------
Melee: Long sword        ||    58
       Headbutt          ||    15
  Use: Scroll            ||     5
       Potion            ||     1
Armor: Scale mail        ||    31
Dodge: Dodged            ||    39
